 Dungeon Crawl Stone Soup version 0.28-a0-883-gc8d7bad45d (webtiles) character file.

Game seed: 3614831356324466185

42 zeram the Skirmisher (level 3, 0/29 HPs)
             Began as a Human Fighter on Nov 21, 2021.
             Succumbed to an adder's poison
             ... on level 2 of the Dungeon.
             The game lasted 00:01:08 (1307 turns).

zeram the Skirmisher (Human Fighter)                Turns: 1307, Time: 00:01:09

Health: 0/29       AC:  6    Str: 16    XL:     3   Next: 80%
Magic:  3/3        EV:  9    Int:  9    God:
Gold:   43         SH:  4    Dex: 12    Spells: 2/2 levels left

rFire   . . .      SeeInvis .   a - +0 war axe
rCold   . . .      Faith    .   c - +0 buckler
rNeg    . . .      Spirit   .   b - +0 scale mail
rPois   .          Reflect  .   (no helmet)
rElec   .          Harm     .   (no cloak)
rCorr   .          Rampage  .   (no gloves)
Will    .....                   (no boots)
Stlth   ..........              (no amulet)
HPRegen 0.09/turn               (no ring)
MPRegen 0.08/turn               (no ring)

@: mighty, lethally poisoned (0 -> -2), attractive, flying
A: no striking features
a: no special abilities


You were on level 2 of the Dungeon.
You visited 1 branch of the dungeon, and saw 2 of its levels.

You collected 43 gold pieces.

Inventory:

Hand Weapons
 a - a +0 war axe (weapon)
 h - a +2 dagger of flaming
Armour
 b - a +0 scale mail (worn)
 c - a +0 buckler (worn)
Scrolls
 e - a scroll of blinking {unknown}
 f - 2 scrolls of teleportation {unknown}
 g - a scroll of enchant armour {unknown}
 i - a scroll of magic mapping {unknown}
 k - a scroll of immolation {unknown}
 m - a scroll of enchant weapon {unknown}


   Skills:
 + Level 3.4 Fighting
 + Level 2.8 Axes
 + Level 3.3 Armour
 + Level 0.1 Dodging
 + Level 3.2 Shields


You had 2 spell levels left.
You didn't know any spells.
Your spell library was empty.

Dungeon Overview and Level Annotations

Branches:
Dungeon (2/15)

Altars:


Message History

You see here a scroll labelled TIESIQ SOPHOMN.
An adder is nearby!
An adder is nearby!
An adder is nearby!
A goblin comes into view. It is wielding a +0 dagger.
The goblin shouts!
An adder comes into view.
The adder hisses angrily.
The adder barely misses you. The adder bites you.
You miss the adder. The adder bites you but does no damage.
You closely miss the adder. The adder barely misses you.
A giant cockroach comes into view.
The adder bites you but does no damage.
You miss the adder. The adder bites you but does no damage.
The adder bites you. x2
You are poisoned.
The adder poisons you!
You miss the adder. You slash the adder!
You feel sick. The adder bites you but does no damage.
You block the adder's attack. x2
The adder bites you.
You are more poisoned.
The adder poisons you!
You feel very sick. You block the adder's attack.
You feel sick.
You feel very mighty all of a sudden.
You feel sick. The adder closely misses you. The adder bites you.
You slash the adder!
You kill the adder!
You feel sick. The adder barely misses you.
You miss the adder.
You feel sick. The adder closely misses you. The adder bites you.
* * * LOW HITPOINT WARNING * * *
It was a potion of flight.
You feel very buoyant.
You fly up into the air.
You feel sick. The adder bites you.
* * * LOW HITPOINT WARNING * * *
It was a potion of attraction.
You feel attractive to monsters.
You die...

### #.... ######...#
######?@Sg..#
##...†.(##B..#
#########..######........
#.........## ..B.......
..######### #..........
.## ........... ##
............
........##...


You could see an adder, a giant cockroach and a goblin.

Vanquished Creatures
  A gnoll (D:1)
  2 adders (D:2)
  2 ball pythons
  An endoplasm (D:1)
  2 giant cockroaches
  2 hobgoblins (D:1)
  5 kobolds
  A rat (D:1)
16 creatures vanquished.

Notes
Turn   | Place    | Note
-------+----------+-------------------------------------------
     0 | D:1      | zeram the Human Fighter began the quest for the Orb.
     0 | D:1      | Reached XP level 1. HP: 18/18 MP: 1/1
    78 | D:1      | Found a faded altar of an unknown god.
   415 | D:1      | Reached XP level 2. HP: 15/24 MP: 2/2
   761 | D:1      | Reached XP level 3. HP: 25/29 MP: 3/3
  1306 | D:2      | HP: 1/29 [adder (3)]
  1307 | D:2      | Succumbed to an adder's poison

Illustrated notes

Levels and vault maps discovered:
D:1:      dpeg_arrival_round_c, layout_loops_ring,
          ebering_ecumenical_altar_rust, roderic_serpentine_path
D:2:      layout_rooms, nicolae_figureground_sparkle, uniq_natasha

Action                   || total
-------------------------++-------
Melee: War axe           ||    47
  Use: Potion            ||     3
Armor: Scale mail        ||    26
Dodge: Dodged            ||    22
Block: Buckler           ||    10

Table legend: (Time is in decaauts)
 A = Elapsed time spent in this place.
 B = Non-inter-level travel time spent in this place.
 C = Inter-level travel time spent in this place.
 D = Time resting spent in this place.
 E = Time spent auto-exploring this place.
 F = Levels seen in this place.
 G = Mean time per level.
                   A        B        C        D        E       F      G
               +--------+--------+--------+--------+--------+-----+--------+
         Total |   1326 |   1299 |     27 |      0 |   1166 |   2 |  663.0 |
       Dungeon |   1326 |   1299 |     27 |      0 |   1166 |   2 |  663.0 |
               +--------+--------+--------+--------+--------+-----+--------+

Top non-repeatable levels by time:
     D:1: 1099 daAuts
     D:2: 226 daAuts
